Map: Acid Plant LE

Players

Crow

  • Race: Zerg Zerg
  • Spawn Location: 5:00

Zanster - Winner!

  • Race: Zerg Zerg
  • Spawn Location: 11:00

Event: WCS Montreal 2018

VOD

Have the link to the VOD?

Description

Time

  • Played on: Sept. 7, 2018, 5:25 p.m.
  • Length: 10:39

All games in this series

Show
View Real Time Build Order
Export as new Build Order

Crow Zerg 

Build Orders: Hatch First 

Get SALT Encoding   

  12  0:00  Drone  
  13  0:12  Overlord  
  13  0:17  Drone  
  14  0:31  Drone x2  
  16  0:48  Hatchery  
  15  0:51  Drone  
  15  0:55  Drone  
  17  0:58  Drone  
  18  1:08  Extractor  
  17  1:13  Spawning Pool  
  17  1:16  Drone  
  17  1:20  Drone  
  18  1:28  Drone  
  19  1:38  Drone  
  20  1:49  Drone  
  21  1:59  Drone  
  21  2:00  Drone, Queen x2  
  27  2:09  Metabolic Boost  
  27  2:10  Overlord  
  27  2:14  Drone  
  28  2:29  Drone x2  
  30  2:33  Hatchery  
  29  2:38  Zergling x4  
  29  2:43  Baneling Nest  
  30  2:46  Drone  
  31  2:53  Overlord  
  31  2:58  Drone x2  
  31  3:04  Drone  
  34  3:06  Drone  
  34  3:10  Zergling x2  
  34  3:12  Zergling x6  
  39  3:13  Zergling x2  
  39  3:17  Overlord  
  40  3:21  Zergling x2  
  40  3:22  Zergling x2  
  42  3:36  Baneling  
  42  3:37  Baneling x3  
  42  3:38  Drone x2  
  44  3:45  Drone  
  44  3:46  Drone x2  
  44  3:48  Queen  
  49  3:52  Drone x4  
  53  4:03  Overlord  
  53  4:04  Drone x4  
  53  4:07  Evolution Chamber  
  56  4:14  Drone x2  
  55  4:17  Overlord  
  55  4:19  Drone x3  
  55  4:20  Overlord  
  55  4:22  Extractor  
  55  4:23  Extractor  
  55  4:28  Baneling x2  
  55  4:31  Drone, Overlord  
  56  4:35  Zergling x2  
  56  4:36  Zerg Missile Weapons Level 1  
  57  4:39  Roach Warren  
  57  4:41  Lair  
  56  4:47  Zergling x8  
  56  4:52  Overlord  
  60  4:54  Drone x3  
  62  5:01  Drone x4  
  62  5:02  Drone  
  62  5:04  Drone  
  68  5:07  Drone  
  68  5:08  Pneumatized Carapace  
  68  5:11  Drone  
  70  5:16  Drone  
  70  5:21  Drone x4  
  74  5:25  Drone  
  72  5:30  Drone x3  
  72  5:31  Drone x2, Overlord  
  72  5:32  Drone x3  
  77  5:37  Extractor  
  77  5:38  Extractor, Zergling x2  
  77  5:39  Zergling x4  
  76  5:43  Drone  
  76  5:45  Extractor  
  76  5:48  Glial Reconstitution  
  76  5:50  Hatchery  
  76  5:54  Overlord  
  76  5:55  Drone x3  
  78  6:01  Overlord  
  78  6:04  Roach x3  
  78  6:05  Roach x2  
  78  6:07  Roach  
  78  6:08  Roach  
  92  6:12  Roach x2  
  92  6:14  Roach x2  
  92  6:17  Roach  
  102  6:19  Overlord  
  102  6:22  Drone  
  102  6:23  Evolution Chamber  
  102  6:27  Baneling x4  
  102  6:29  Roach  
  102  6:30  Roach x2  
  102  6:31  Zerg Missile Weapons Level 2  
  108  6:36  Roach x3  
  108  6:38  Overseer  
  114  6:47  Roach x4  
  120  6:48  Roach  
  120  6:49  Overlord, Roach  
  120  6:52  Zerg Ground Armor Level 1  
  126  6:56  Overlord  
  126  6:59  Roach x2  
  130  7:02  Roach x3  
  138  7:08  Roach x2  
  138  7:09  Roach  
  138  7:10  Overlord  
  138  7:14  Burrow  
  141  7:20  Tunneling Claws  
  141  7:22  Roach x3  
  147  7:24  Overlord  
  147  7:27  Roach x2  
  151  7:32  Roach x3  
  151  7:34  Overlord  
  157  7:39  Overlord  
  157  7:41  Roach  
  159  7:48  Ravager x3  
  159  7:49  Roach x2  
  166  7:51  Overlord  
  166  7:52  Extractor, Overlord x2  
  166  7:55  Roach x3  
  171  8:04  Roach x6  
  181  8:06  Overlord  
  181  8:12  Ravager  
  182  8:14  Roach x4  
  190  8:20  Roach x4  
  190  8:26  Drone  
  186  8:27  Roach x3  
  190  8:36  Roach x2  
  190  8:37  Roach x2  
  178  8:42  Roach x2  
  178  8:47  Roach x2  
  176  8:49  Roach  
  178  8:59  Roach x4  
  186  9:03  Roach x2  
  186  9:09  Roach x3  
  196  9:15  Roach x2  
  188  9:19  Roach x2  
  188  9:22  Roach  
  188  9:23  Roach  
  172  9:27  Roach x2  
  156  9:31  Roach  
  156  9:36  Roach x2  
  148  9:39  Roach x2  
  148  9:44  Roach x2  
  150  9:47  Roach  
  150  9:48  Roach x2  
  150  9:51  Roach x2  
  150  9:54  Roach x3  
  150  9:57  Roach  
  152  10:00  Roach  
  152  10:04  Roach  
  152  10:05  Roach  
  152  10:06  Roach x3  
  143  10:08  Roach  
  143  10:12  Roach  
  141  10:15  Roach x2  
  141  10:19  Roach x4  
Show
View Real Time Build Order
Export as new Build Order

Zanster Zerg - Winner!

Build Orders: Hatch First 

Get SALT Encoding   

  12  0:00  Drone  
  13  0:13  Overlord  
  13  0:17  Drone  
  14  0:31  Drone x2  
  16  0:37  Drone  
  17  0:51  Hatchery  
  17  0:55  Drone  
  17  0:57  Drone  
  18  1:10  Extractor  
  17  1:13  Spawning Pool  
  17  1:16  Drone  
  17  1:19  Drone  
  18  1:29  Drone  
  19  1:40  Drone  
  20  1:51  Overlord  
  20  2:01  Queen  
  20  2:03  Queen  
  20  2:08  Drone x2  
  26  2:10  Metabolic Boost  
  26  2:11  Drone  
  27  2:16  Drone  
  28  2:23  Drone  
  28  2:25  Drone  
  30  2:33  Drone  
  31  2:40  Hatchery  
  31  2:41  Zergling x2  
  31  2:45  Baneling Nest  
  31  2:47  Drone  
  31  2:49  Drone  
  32  2:54  Overlord  
  32  2:58  Drone  
  33  3:05  Zergling x2  
  33  3:12  Drone x2  
  36  3:14  Zergling x2  
  36  3:15  Drone  
  36  3:16  Drone x2, Zergling x2  
  36  3:19  Queen  
  41  3:26  Zergling x2  
  44  3:31  Evolution Chamber  
  44  3:33  Baneling  
  43  3:37  Drone  
  44  3:41  Overlord  
  44  3:47  Overlord  
  44  3:51  Drone x6  
  50  4:00  Baneling x5  
  50  4:02  Zergling x8  
  53  4:11  Zergling x2  
  53  4:12  Zergling x8  
  54  4:18  Zerg Missile Weapons Level 1  
  54  4:20  Queen  
  54  4:21  Drone x3  
  59  4:26  Drone x3  
  59  4:27  Drone  
  59  4:29  Drone  
  64  4:33  Overlord  
  64  4:35  Drone  
  65  4:43  Extractor  
  65  4:44  Extractor, Overlord  
  65  4:45  Drone  
  64  4:49  Roach Warren  
  64  4:51  Drone  
  64  4:52  Drone x4  
  66  4:58  Overlord  
  60  5:00  Drone x2  
  60  5:03  Lair  
  60  5:06  Zergling x2  
  65  5:07  Zergling x6  
  65  5:11  Zergling x4  
  67  5:16  Overlord  
  67  5:27  Overlord  
  67  5:29  Drone  
  67  5:30  Drone x3  
  67  5:33  Extractor x2  
  67  5:34  Baneling x2  
  67  5:36  Drone  
  67  5:37  Drone x5  
  67  5:40  Overlord  
  73  5:53  Roach  
  73  5:54  Roach x7  
  89  5:58  Overlord  
  89  6:02  Hatchery  
  89  6:03  Glial Reconstitution  
  88  6:05  Drone x2  
  88  6:06  Pneumatized Carapace  
  88  6:09  Drone  
  88  6:10  Drone x5  
  92  6:20  Drone x3  
  92  6:21  Extractor  
  92  6:25  Roach x6  
  108  6:32  Roach  
  108  6:33  Roach  
  108  6:35  Overlord  
  108  6:38  Zergling x2  
  111  6:41  Overlord  
  111  6:42  Overseer  
  111  6:44  Roach x2  
  115  6:49  Evolution Chamber  
  115  6:50  Overlord  
  115  6:51  Drone x6  
  115  6:53  Drone  
  121  6:57  Roach  
  121  6:59  Overlord  
  123  7:02  Baneling x2  
  123  7:04  Roach  
  123  7:05  Overlord  
  125  7:08  Zerg Missile Weapons Level 2  
  125  7:14  Roach x6  
  137  7:16  Zerg Ground Armor Level 1  
  137  7:17  Overlord  
  137  7:19  Extractor  
  136  7:23  Roach x4  
  136  7:26  Overlord  
  136  7:29  Burrow  
  144  7:30  Tunneling Claws  
  144  7:32  Drone x3  
  144  7:34  Roach  
  144  7:36  Extractor, Overlord  
  148  7:38  Roach  
  148  7:39  Roach  
  152  7:45  Roach x4  
  152  7:46  Overlord  
  152  7:49  Ravager  
  152  7:50  Ravager  
  162  7:52  Roach x2  
  162  7:53  Roach  
  168  8:02  Drone  
  168  8:03  Drone x4  
  167  8:09  Roach x6  
  179  8:13  Overlord  
  179  8:15  Drone x4  
  183  8:24  Roach x7  
  195  8:33  Roach x2  
  195  8:34  Hydralisk Den  
  194  8:39  Roach  
  194  8:40  Roach x6  
  191  8:44  Overseer  
  191  8:47  Roach  
  191  8:48  Roach x4  
  195  8:51  Roach x2  
  195  8:52  Ravager  
  195  8:53  Ravager  
  197  8:56  Overseer  
  197  9:02  Roach  
  191  9:21  Roach x14  
  195  9:28  Roach x5  
  195  9:34  Roach x17  
  195  9:35  Roach  
  195  9:36  Roach x6  
  193  9:39  Queen  
  193  9:44  Roach x2  
  191  9:45  Overseer  
  191  9:48  Roach x3  
  191  9:49  Roach  
  189  10:12  Roach x3  
  189  10:13  Roach x3  
  196  10:16  Overseer  
  196  10:17  Overseer  
  198  10:31  Spine Crawler  
  198  10:32  Spine Crawler  
Tags
 
Add a new tag
Caveats
  • Supply blocks, unpowered buildings, or Contaminate may cause inaccurate times.
  • Supply counts are checked every 10 seconds.